 Seeded DCSS version 0.30-a0-305-g026cb31310 (webtiles) character file.

Game seed: 17790380096243088950 (custom seed)

341 purpskrrrp the Sneak (level 6, -1/32 HPs)
             Began as a Vine Stalker Brigand on Oct 22, 2022.
             Was a Believer of Elyvilon.
             Slain by a shadow imp (2 damage)
             ... on level 5 of the Dungeon.
             The game lasted 00:07:56 (3140 turns).

purpskrrrp the Sneak (Vine Stalker Brigand)         Turns: 3140, Time: 00:07:57

Health: -1/32      AC:  4    Str: 14    XL:     6   Next: 56%
Magic:  0/7        EV: 12    Int: 11    God:    Elyvilon [**....]
Gold:   160        SH:  0    Dex: 17    Spells: 5/5 levels left

rFire   . . .      SeeInvis .    a - +2 dagger
rCold   . . .      Faith    .    (no shield)
rNeg    . . .      Spirit   +    b - +0 robe
rPois   .          Reflect  .    t - +0 helmet
rElec   .          Harm     .    c - +0 cloak
rCorr   .          Rampage  .    (no gloves)
Will    .....                    (no boots)
Stlth   ++++......               (no amulet)
HPRegen 1.05/turn                (no ring)
MPRegen 0.10/turn                (no ring)

@: lethally poisoned (-1 -> -19), hasted, very quick
A: fangs 2, regeneration 1, magic shield, antimagic bite, no potion heal 2
a: Renounce Religion, Purification, Heal Other


You were on level 5 of the Dungeon.
You worshipped Elyvilon.
Elyvilon was pleased with you.
You visited 1 branch of the dungeon, and saw 5 of its levels.

You collected 160 gold pieces.

Inventory:

Hand Weapons
 a - a +2 dagger (weapon)
Armour
 b - a +0 robe (worn)
 c - a +0 cloak (worn)
 t - a +0 helmet (worn)
Scrolls
 g - a scroll of silence {unknown}
 i - 2 scrolls of amnesia
 m - 2 scrolls of immolation {unknown}
 p - 2 scrolls of poison {unknown}
 r - 2 scrolls of butterflies {unknown}
 s - a scroll of magic mapping {unknown}
Potions
 j - 2 potions of mutation
 k - a potion of ambrosia
 l - a potion of haste
 n - a potion of brilliance
 o - 5 potions of curing


   Skills:
 + Level 3.1 Fighting
 + Level 3.1 Short Blades
 - Level 1.7 Throwing
 + Level 2.3 Dodging
 * Level 7.2 Stealth


You had 5 spell levels left.
You didn't know any spells.
Your spell library contained the following spells:

 Spells                   Type           Power      Damage    Failure   Level
 Sting                    Tmut/Pois      0%         1d3       34%         1
 Poisonous Vapours        Pois/Air       0%         N/A       47%         2
 Olgreb's Toxic Radiance  Pois           0%         N/A       98%         4
 Fireball                 Conj/Fire      0%         3d3       100%        5
 Iskenderun's Battlesphe  Conj           0%         2d6       100%        5
 Conjure Ball Lightning   Conj/Air       0%         3x3d6     100%        6
 Orb of Destruction       Conj           0%         9d5       100%        7


Dungeon Overview and Level Annotations

Branches:
Dungeon (5/15)
 Temple: D:4-7

Altars:
Elyvilon
Xom
The Shining One

Annotations:
D:4 Duvessa


Innate Abilities, Weirdness & Mutations

You have extremely sharp teeth.
Your natural rate of healing is unusually fast.
When hurt, damage is shared between your health and your magic reserves.
Your bite disrupts and absorbs the magic of your enemies.
Potions cannot restore your health.


Message History

The phantom is lightly damaged.
The phantom closely misses you. The shadow imp barely misses you.
The water moccasin bites you!
You hit the phantom. Your bite misses the phantom.
The phantom is moderately damaged.
The shadow imp barely misses you. The phantom completely misses you.
The water moccasin bites you.
You are poisoned.
The water moccasin poisons you!
You closely miss the phantom.
The phantom is moderately damaged.
You feel very sick. The water moccasin bites you.
You are lethally poisoned!
The water moccasin poisons you! The phantom closely misses you.
The orc hits you with a +0 club. The shadow imp completely misses you.
You are too injured to fight recklessly!
You are too injured to fight recklessly!
You are too injured to fight recklessly!
You are too injured to fight recklessly!
You are too injured to fight recklessly!
You are too injured to fight recklessly!
You are too injured to fight recklessly!
You are too injured to fight recklessly!
You are too injured to fight recklessly!
You are too injured to fight recklessly!
You are too injured to fight recklessly!
You are too injured to fight recklessly!
You are too injured to fight recklessly!
You are too injured to fight recklessly!
You feel yourself speed up.
* * * LOW HITPOINT WARNING * * *
You feel very sick. The water moccasin bites you.
* * * LOW HITPOINT WARNING * * *
You are more poisoned.
The water moccasin poisons you! The phantom hits you.
* * * LOW HITPOINT WARNING * * *
The orc closely misses you. The shadow imp hits you.
You die...

........ ### ....
......# ...) ....
.....##.... .....
..........
##...###.........
.................
../..........#
......oS5....#
.......@W....#
.............###
..######.......# ..
#.†.....# .$..
##......##....
#######..........
.#.........$.......
#.....#.......#....#
....#..............+


You could see a water moccasin, a phantom, a shadow imp and an orc.

Vanquished Creatures
  2 scorpions
  A hound (D:5)
  An iguana (D:4)
  Terence (D:3)
  5 adders (D:2)
  An ufetubus (D:5)
  2 worms
  4 dart slugs
  2 orcs (D:3)
  6 endoplasms
  A giant cockroach (D:1)
  5 goblins
  8 hobgoblins
  7 jackals
  13 kobolds
  2 quokkas (D:1)
  10 ball pythons
  7 bats
  2 frilled lizards (D:1)
  4 rats
84 creatures vanquished.

Notes
Turn   | Place    | Note
-------+----------+-------------------------------------------
     0 | D:1      | purpskrrrp the Vine Stalker Brigand began the quest for the
                  | Orb.
     0 | D:1      | Reached XP level 1. HP: 11/11 MP: 2/2
    84 | D:1      | Reached skill level 5 in Stealth
    86 | D:1      | Reached skill level 1 in Dodging
    86 | D:1      | Reached XP level 2. HP: 15/15 MP: 3/3
   246 | D:1      | You fall into a shaft and drop 1 floor!
   344 | D:2      | Reached XP level 3. HP: 17/18 MP: 4/4
   803 | D:2      | Gained mutation: Your natural rate of healing is unusually
                  | fast. [Vine Stalker growth]
   803 | D:2      | Reached XP level 4. HP: 15/23 MP: 3/5
  1249 | D:1      | Reached skill level 6 in Stealth
  1983 | D:3      | Noticed Terence
  2005 | D:3      | Killed Terence
  2006 | D:3      | Reached XP level 5. HP: 5/27 MP: 1/6
  2191 | D:3      | Found a shimmering altar of Xom.
  2209 | D:3      | Found a faded altar of an unknown god.
  2223 | D:3      | Prayed at the altar of an unknown god.
  2223 | D:3      | Became a worshipper of Elyvilon the Healer
  2223 | D:3      | Reached * piety under Elyvilon
  2696 | D:4      | Noticed Duvessa
  2788 | D:4      | Reached ** piety under Elyvilon
  2914 | D:4      | Found a glowing golden altar of the Shining One.
  2959 | D:4      | Reached XP level 6. HP: 32/32 MP: 7/7
  2994 | D:4      | HP: 1/32 [orc priest/divine providence (9)]
  3031 | D:5      | Entered Level 5 of the Dungeon
  3037 | D:5      | Reached skill level 7 in Stealth
  3127 | D:5      | Noticed a water moccasin
  3140 | D:5      | HP: 1/32 [phantom (1)]
  3140 | D:5      | Slain by a shadow imp

Illustrated notes

Levels and vault maps discovered:
D:1:      dpeg_arrival_water_temple_mockup, layout_basic,
          nicolae_figureground_pulse
D:2:      layout_loops_cross, minmay_goblin_kobold_house
D:3:      layout_basic, xom_teletrap_fun,
          hellmonk_ecumenical_altar_heavens_door, chequers_jeans, minmay_cupped,
          uniq_terence
D:4:      cheibrodos_thug_alley, layout_layer_cave, tso_altar,
          mainiacjoe_overflow_brackets, mainiacjoe_overflow_boulevard,
          minmay_temple_entry_sparse_star, serial_shops, shop, uniq_duvessa
D:5:      layout_basic, lemuel_doored_altar, nicolae_hepliaklqana_hazy_memory,
          minmay_a_box_with_orc_wizards_in_it

Skill      XL: |  1  2  3  4  5  6 |
---------------+-------------------+-----
Stealth        | 5 6 7 |  7.2
Dodging        | 1 2 |  2.3
Fighting       | 2 3 |  3.1
Short Blades   | 2 3 |  3.1
Throwing       | |  1.7

Action                   |  1- 3 |  4- 6 || total
-------------------------+-------+-------++-------
Melee: Dagger            |    41 |   126 ||   167
       Bite              |    11 |    34 ||    45
       Punch             |       |     2 ||     2
Throw: Dart              |    78 |   132 ||   210
  Use: Scroll            |       |     8 ||     8
       Potion            |       |     1 ||     1
 Stab: Sleeping          |       |     4 ||     4
Armor: Robe              |     8 |    24 ||    32
Dodge: Dodged            |    17 |    74 ||    91

Table legend: (Time is in decaauts)
 A = Elapsed time spent in this place.
 B = Non-inter-level travel time spent in this place.
 C = Inter-level travel time spent in this place.
 D = Time resting spent in this place.
 E = Time spent auto-exploring this place.
 F = Levels seen in this place.
 G = Mean time per level.
                   A        B        C        D        E       F      G
               +--------+--------+--------+--------+--------+-----+--------+
         Total |   3100 |   2943 |    157 |     72 |   2269 |   5 |  620.0 |
       Dungeon |   3100 |   2943 |    157 |     72 |   2269 |   5 |  620.0 |
               +--------+--------+--------+--------+--------+-----+--------+

Top non-repeatable levels by time:
     D:2: 991 daAuts
     D:1: 871 daAuts
     D:3: 834 daAuts
     D:4: 298 daAuts
     D:5: 105 daAuts
